 Dungeon Crawl Stone Soup version 0.16.0-17-g811c1d7 (webtiles) character file.

3117 Huymann the Thaumaturge (level 9, -7/51 HPs)
             Began as a Deep Elf Wizard on Mar 20, 2015.
             Was a Believer of Vehumet.
             Shot with an arrow by a centaur (10 damage)
             ... on level 8 of the Dungeon on Mar 21, 2015.
             The game lasted 01:25:08 (8670 turns).

Huymann the Thaumaturge (Deep Elf Wizard)           Turns: 8670, Time: 01:25:09

Health: -7/51      AC:  5    Str:  6    XL:     9   Next: 60%
Magic:  22/28      EV: 22    Int: 24    God:    Vehumet [**....]
Gold:   339        SH:  0    Dex: 19    Spells: 8 memorised, 8 levels left

rFire  . . .     SeeInvis .     J - +0 dagger (elec)
rCold  . . .     Clarity  .     v - +0 robe
rNeg   . . .     SustAb   .     (no shield)
rPois  .         Gourm    .     b - +0 hat
rElec  .         Spirit   .     (no cloak)
rCorr  .         Warding  .     o - +2 pair of gloves
rMut   .         Stasis   .     (no boots)
MR     .....                    (no amulet)
Stlth  +++++.....               (no ring)
                                (no ring)

@: agile, not resistant to hostile enchantments, quite stealthy
A: no striking features
a: Renounce Religion


You were on level 8 of the Dungeon.
You worshipped Vehumet.
Vehumet was pleased with you.
You were hungry.

You visited 2 branches of the dungeon, and saw 9 of its levels.

You collected 339 gold pieces.

Inventory:

Hand weapons
 y - a +0 rapier
 z - a +0 rapier of speed
 J - a +0 dagger of electrocution (weapon)
 Q - a +0 shortbow
Missiles
 h - 29 arrows
 m - 36 poisoned needles
 s - 4 curare-tipped needles
 O - 4 javelins (quivered)
Armour
 a - a +0 robe
 b - a +0 hat (worn)
 o - a +2 pair of gloves (worn)
 v - a +0 robe (worn)
Magical staves
 x - an uncursed staff of power
Jewellery
 e - an uncursed amulet of regeneration
Magical devices
 P - a wand of digging (8)
 R - a wand of draining (4)
Scrolls
 j - 2 scrolls of fog
 n - a scroll of remove curse
 p - 3 scrolls of identify
 t - 3 scrolls of teleportation
 H - 3 scrolls of recharging
 L - 3 scrolls of magic mapping
Potions
 f - a potion of agility
 g - a potion of haste
 k - a potion of degeneration {unknown}
 l - 3 potions of curing
 q - a potion of cure mutation {unknown}
 r - a potion of beneficial mutation {unknown}
 u - a potion of brilliance {unknown}
 C - a potion of cancellation {unknown}
 G - a potion of might {unknown}
 N - a potion of invisibility {unknown}
Books
 c - a book of Minor Magic

   Spells                             Type                      Level
   a - Magic Dart                     Conjuration                  1
   b - Blink                          Translocation                2
   c - Call Imp                       Summoning                    2
   d - Repel Missiles                 Charms/Air                   2
   e - Slow                           Hexes                        2
   f - Conjure Flame                  Conjuration/Fire             3
   g - Mephitic Cloud                 Conjuration/Poison/Air       3
Comestibles
 d - 4 bread rations
 D - 2 fruits
 E - a royal jelly
 F - a beef jerky
 I - 3 meat rations
 K - 2 slices of pizza


   Skills:
 * Level 3.3 Fighting
 * Level 4.2 Short Blades
 * Level 4.1 Staves
 + Level 0.7 Throwing
 * Level 6.4 Dodging
 * Level 6.6 Stealth
 + Level 8.1 Spellcasting
 * Level 6.2 Conjurations
 + Level 2.6 Summonings
 + Level 1.1 Translocations
 + Level 1.4 Fire Magic
 + Level 0.4 Ice Magic
 + Level 1.0 Air Magic
 + Level 1.8 Poison Magic


You had 8 spell levels left.
You knew the following spells:

 Your Spells              Type           Power        Failure   Level  Hunger
a - Magic Dart            Conj           ####         1%          1    None
b - Blink                 Tloc           N/A          8%          2    None
c - Call Imp              Summ           ###.....     3%          2    None
d - Conjure Flame         Conj/Fire      ####....     4%          3    None
e - Mephitic Cloud        Conj/Pois/Air  ###.....     6%          3    None
f - Repel Missiles        Chrm/Air       ##....       10%         2    None
g - Sting                 Conj/Pois      ####         1%          1    None
h - Throw Frost           Conj/Ice       ####..       2%          2    None


Dungeon Overview and Level Annotations

Branches:
Dungeon (8/15)             Temple (1/1) D:5
   Lair: D:8-11

Altars:
Ashenzari
Cheibriados
Fedhas
Gozag
Kikubaaqudgha
Nemelex Xobeh
Ru
Sif Muna
Trog
Vehumet
Yredelemnul
Zin
The Shining One


Message History

The iguana misses you.
The centaur zombie barely misses your crimson imp.
Your crimson imp hits the centaur zombie.
Your crimson imp closely misses the iguana.
The centaur shoots an arrow.
The arrow hits you!
* * * LOW HITPOINT WARNING * * *
Things that are here:
an enchanted halberd; 3 arrows; a gnoll corpse Drink which item? (? for menu, Esc to quit)
You feel agile all of a sudden.
The centaur zombie hits your crimson imp!
The iguana misses you.
Your crimson imp hits the centaur zombie.
Your crimson imp blinks!
The iguana bites you.
* * * LOW HITPOINT WARNING * * *
Your crimson imp blinks!
The centaur zombie hits you but does no damage.
The centaur shoots an arrow.
The arrow hits you!
You die...

..........# . #........#
....## #........# ...ot.
#....(...# ...o..
#.....)..# ........
#........####.........
#.....5.(.5...>.......
...#.....ยง...?.##........
....c...@l.......... ....
....####)Z.......... ...
......?(........... ..
...####.........(.
#####....... ######


You could see a centaur, an iguana, a centaur zombie and 2 friendly crimson
imps.

Vanquished Creatures
  Grinder (D:3)
  A hungry ghost (D:8)
  A hippogriff (D:6)
  An orc warrior (D:6)
  3 phantoms
  A sky beast (D:7)
  2 ogres (D:6)
  A centaur (D:5)
  5 giant frogs
  9 wights
  2 killer bees (D:8)
  A scorpion (D:5)
  6 hounds
  A goliath beetle (D:6)
  A centaur zombie (D:7)
  4 orc priests
  A giant frog skeleton (D:8)
  A crimson imp (D:7)
  A jelly (D:8)
  2 orc wizards
  A centaur skeleton (D:6)
  A gnoll shaman (D:6)
  An iguana (D:6)
  A worker ant (D:4)
  A killer bee zombie (D:5)
  A hound zombie (D:5)
  A worker ant zombie (D:6)
  7 gnolls
  13 adders
  2 giant mites
  A worm (D:4)
  2 shadow imps
  2 adder zombies
  5 giant geckos
  An ooze (D:4)
  20 orcs
  Natasha (D:3)
  11 bats
  A bat skeleton (D:5)
  7 giant cockroaches
  17 goblins
  9 hobgoblins
  5 jackals
  A quokka (D:5)
  3 ball pythons
  A giant gecko skeleton (D:6)
  A giant gecko zombie (D:7)
  3 giant newts
  6 kobolds
  18 rats
  2 butterflies (D:5)
191 creatures vanquished.

Vanquished Creatures (collateral kills)
  An orc warrior (D:6)
  A centaur (D:8)
  2 hounds
  A crimson imp (D:5)
  2 orc wizards (D:6)
  Natasha (twice) (D:3)
  A worker ant (D:6)
  Ijyb (D:3)
  An adder (D:2)
  A giant mite (D:3)
  A worm (D:2)
  3 orcs (D:4)
  A ball python (D:3)
  A bat (D:5)
  2 goblins (D:2)
  11 jackals
  2 giant newts
  A kobold (D:2)
  2 rats (D:2)
37 creatures vanquished.

Vanquished Creatures (others)
  A crimson imp (D:2)
  A shadow imp (D:4)
  2 white imps (D:6)
4 creatures vanquished.

Grand Total: 232 creatures vanquished

Notes
Turn   | Place    | Note
--------------------------------------------------------------
     0 | D:1      | Huymann, the Deep Elf Wizard, began the quest for the Orb.
     0 | D:1      | Reached XP level 1. HP: 10/10 MP: 6/6
   439 | D:1      | Reached XP level 2. HP: 15/15 MP: 10/10
  1313 | D:1      | Reached XP level 3. HP: 10/20 MP: 3/13
  1602 | D:1      | Reached skill level 5 in Spellcasting
  1670 | D:1      | Learned a level 2 spell: Blink
  1673 | D:1      | Learned a level 2 spell: Call Imp
  1677 | D:1      | Learned a level 3 spell: Conjure Flame
  1995 | D:2      | Learned a level 3 spell: Mephitic Cloud
  2236 | D:2      | Reached skill level 1 in Short Blades
  2236 | D:2      | Reached XP level 4. HP: 24/24 MP: 17/17
  2563 | D:2      | Found a sacrificial altar of Ru.
  2807 | D:3      | Noticed Ijyb
  2808 | D:3      | Noticed Natasha
  2819 | D:3      | Killed Natasha
  2819 | D:3      | Reached skill level 1 in Fighting
  2832 | D:3      | Killed Ijyb
  3073 | D:3      | Reached XP level 5. HP: 29/29 MP: 19/19
  3140 | D:3      | Noticed Natasha
  3149 | D:3      | Killed Natasha
  3204 | D:3      | Noticed Grinder
  3280 | D:3      | Noticed Natasha
  3287 | D:3      | Killed Natasha
  3490 | D:3      | Paralysed by Grinder for 4 turns
  3496 | D:3      | Killed Grinder
  3496 | D:3      | Reached skill level 1 in Staves
  3496 | D:3      | Reached XP level 6. HP: 16/34 MP: 21/21
  4071 | D:4      | Reached skill level 6 in Spellcasting
  4251 | D:4      | Found a snail-covered altar of Cheibriados.
  4661 | D:5      | Entered Level 5 of the Dungeon
  4703 | D:5      | Reached XP level 7. HP: 33/38 MP: 24/24
  5083 | D:5      | Found a staircase to the Ecumenical Temple.
  5092 | Temple   | Entered the Ecumenical Temple
  5114 | Temple   | Became a worshipper of Vehumet
  5537 | D:5      | Learned a level 2 spell: Repel Missiles
  5774 | D:6      | Found a glowing golden altar of the Shining One.
  5810 | D:6      | Reached skill level 5 in Stealth
  5810 | D:6      | Reached XP level 8. HP: 40/44 MP: 22/25
  5962 | D:6      | Reached skill level 7 in Spellcasting
  6039 | D:6      | Reached skill level 5 in Dodging
  6268 | D:6      | Reached skill level 1 in Poison Magic
  6339 | D:6      | Acquired Vehumet's first power
  6339 | D:6      | Offered knowledge of Sting by Vehumet.
  6557 | D:6      | Reached skill level 5 in Conjurations
  6557 | D:6      | Reached skill level 1 in Fire Magic
  6557 | D:6      | Reached skill level 1 in Air Magic
  6560 | D:6      | Learned a level 1 spell: Sting
  6728 | D:6      | Found a deep blue altar of Sif Muna.
  7134 | D:6      | Reached XP level 9. HP: 49/49 MP: 28/28
  7655 | D:7      | Reached skill level 8 in Spellcasting
  7861 | D:7      | Offered knowledge of Throw Frost by Vehumet.
  7865 | D:7      | Learned a level 2 spell: Throw Frost
  8279 | D:8      | Found an ancient bone altar of Kikubaaqudgha.
  8670 | D:8      | Shot with an arrow by a centaur

Action                   |  1- 3 |  4- 6 |  7- 9 || total
-------------------------+-------+-------+-------++-------
Melee: Dagger            |    32 |    45 |     7 ||    84
       Staff             |       |    48 |   200 ||   248
Throw: Javelin           |       |       |    12 ||    12
 Cast: Magic Dart        |    90 |    56 |   183 ||   329
       Call Imp          |     5 |    19 |    12 ||    36
       Blink             |     4 |       |     2 ||     6
       Conjure Flame     |     1 |     4 |    27 ||    32
       Mephitic Cloud    |       |    14 |    39 ||    53
       Sting             |       |       |    11 ||    11
       Throw Frost       |       |       |    14 ||    14
  Use: Scroll            |     4 |     4 |     8 ||    16
       Potion            |       |       |     6 ||     6
 Stab: Sleeping          |     4 |     2 |     9 ||    15
       Confused          |       |     3 |    10 ||    13
  Eat: Chunk             |     4 |     8 |    13 ||    25
       Fruit             |       |       |     1 ||     1
